 Dungeon Crawl Stone Soup version 0.30-a0-557-ge2afbf3030 (webtiles) character file.

Game seed: 3429650051167190244

140 greasedhog the Cutter (level 5, 0/34 HPs)
             Began as a Kobold Fighter on Dec 27, 2022.
             Slain by a scorpion (5 damage)
             ... on level 3 of the Dungeon.
             The game lasted 00:03:16 (2395 turns).

greasedhog the Cutter (Kobold Fighter)              Turns: 2395, Time: 00:03:17

Health: 0/34       AC:  3    Str: 13    XL:     5   Next: 47%
Magic:  5/5        EV: 12    Int: 10    God:
Gold:   77         SH:  5    Dex: 16    Spells: 4/4 levels left

rFire   . . .      SeeInvis .    a - +0 rapier
rCold   . . .      Faith    .    c - +0 buckler
rNeg    . . .      Spirit   .    i - +0 animal skin
rPois   .          Reflect  .    j - +0 helmet
rElec   .          Harm     .    (no cloak)
rCorr   .          Rampage  .    (no gloves)
Will    .....                    (no boots)
Stlth   ++++                     (no amulet)
HPRegen 0.25/turn                (no ring)
MPRegen 0.09/turn                (no ring)

@: no status effects
A: small, no large weapons, nightstalker 3
a: no special abilities


You were on level 3 of the Dungeon.
You visited 1 branch of the dungeon, and saw 3 of its levels.

You collected 113 gold pieces.
You spent 36 gold pieces at shops.

Inventory:

Hand Weapons
 a - a +0 rapier (weapon)
Armour
 c - a +0 buckler (worn)
 i - a +0 animal skin (worn)
 j - a +0 helmet (worn)
Jewellery
 f - an amulet of magic regeneration
Scrolls
 b - a scroll of immolation {unknown}
 e - 3 scrolls of poison
 m - 2 scrolls of blinking {unknown}
 n - 2 scrolls of vulnerability {unknown}
 o - a scroll of teleportation {unknown}
 p - a scroll of fog {unknown}
 r - a scroll of enchant weapon {unknown}
 s - a scroll of identify
Potions
 d - a potion of might
 g - a potion of mutation
 h - 5 potions of heal wounds {unknown}
 k - a potion of ambrosia {unknown}
 l - 2 potions of curing
 q - a potion of attraction {unknown}


   Skills:
 * Level 4.5 Fighting
 * Level 4.5 Short Blades
 - Level 2.4 Armour
 * Level 3.9 Stealth
 - Level 2.4 Shields


You had 4 spell levels left.
You didn't know any spells.
Your spell library contained the following spells:

 Spells                   Type           Power      Damage    Failure   Level
 Freeze                   Ice            0%         1d3       50%         1
 Summon Small Mammal      Summ           0%         N/A       50%         1
 Call Canine Familiar     Summ           0%         N/A       86%         3
 Frozen Ramparts          Ice            0%         1d1       86%         3
 Gell's Gravitas          Tloc           0%         N/A       86%         3
 Hailstorm                Conj/Ice       0%         3d3       86%         3
 Lesser Beckoning         Tloc           0%         N/A       86%         3
 Summon Guardian Golem    Hex/Summ       0%         N/A       86%         3
 Teleport Other           Tloc           0%         N/A       86%         3


Dungeon Overview and Level Annotations

Branches:
Dungeon (3/15)

Altars:

Shops:
D:2 !


Innate Abilities, Weirdness & Mutations

You are small and have problems with some larger weapons.
You are completely attuned to the shadows.


Message History

You are poisoned.
The scorpion poisons you!
The hobgoblin hits you but does no damage.
You feel sick. The scorpion attacks as you move away!
The scorpion barely misses you.
You feel sick. You block the scorpion's attack.
You feel sick.
You feel sick.
You closely miss the hobgoblin.
You feel sick. The hobgoblin barely misses you.
You puncture the hobgoblin!
You kill the hobgoblin!
You feel sick.
You hit the scorpion.
The scorpion is lightly wounded.
You feel sick.
You are no longer poisoned.
The scorpion stings you.
* * * LOW HITPOINT WARNING * * *
You block the scorpion's attack.
You closely miss the scorpion.
The scorpion is lightly wounded.
You block the scorpion's attack.
You hit the scorpion.
The scorpion is heavily wounded.
You block the scorpion's attack.
You hit the scorpion but do no damage.
The scorpion is heavily wounded.
The scorpion completely misses you.
Okay, then.
You hit the scorpion.
The scorpion is heavily wounded.
The scorpion stings you.
* * * LOW HITPOINT WARNING * * *
You closely miss the scorpion.
The scorpion is heavily wounded.
The scorpion misses you. You block the scorpion's attack.
You hit the scorpion.
The scorpion is severely wounded.
The scorpion stings you.
You die...

# . .. .##### ....
......###....
.............. ##
.......s.#.... ###.
.......#@.## ###...
.......##..#########.....
.......###.##.........###
.......# #.#..##....#####
.......###...#...###.....
...............#####.####
##########.########..#
#..##......##
#...#.######


You could see a scorpion.

Vanquished Creatures
  Robin (D:2)
  3 gnolls (D:2)
  2 adders (D:2)
  4 worms (D:2)
  A dart slug (D:2)
  3 orcs (D:3)
  12 bats
  3 endoplasms (D:2)
  3 giant cockroaches
  9 goblins
  10 hobgoblins
  4 ball pythons
  2 frilled lizards
  4 kobolds
  3 rats
64 creatures vanquished.

Notes
Turn   | Place    | Note
-------+----------+-------------------------------------------
     0 | D:1      | greasedhog the Kobold Fighter began the quest for the Orb.
     0 | D:1      | Reached XP level 1. HP: 14/14 MP: 1/1
   232 | D:1      | Reached skill level 1 in Stealth
   239 | D:1      | Reached XP level 2. HP: 19/19 MP: 2/2
   470 | D:1      | Found a faded altar of an unknown god.
   863 | D:2      | Noticed Robin
   888 | D:2      | Reached XP level 3. HP: 21/24 MP: 3/3
   959 | D:2      | Killed Robin
  1200 | D:2      | Reached XP level 4. HP: 21/29 MP: 4/4
  1265 | D:2      | Found Nearuhaptu's Distillery.
  1283 | D:2      | Bought a potion of curing for 36 gold pieces
  1494 | D:2      | Reached XP level 5. HP: 14/33 MP: 5/5
  2395 | D:3      | Slain by a scorpion

Illustrated notes

Levels and vault maps discovered:
D:1:      shiori_arrival_oz, layout_basic, chequers_ecumenical_altar_lobes,
          minmay_strange_pillars, minmay_tromino_v4_b
D:2:      layout_loops_ring, serial_shops, shop, st_stairs_11,
          nicolae_wormholes, uniq_robin
D:3:      layout_rooms, minmay_box_of_dots

Skill      XL: |  1  2  3  4 |
---------------+-------------+-----
Stealth        | 1 2 3 |  3.9
Short Blades   | 3 4 |  4.5
Fighting       | 4 |  4.5
Armour         | |  2.4
Shields        | |  2.4

Action                   |  1- 3 |  4- 6 || total
-------------------------+-------+-------++-------
Melee: Rapier            |    91 |   116 ||   207
  Use: Scroll            |       |     2 ||     2
 Stab: Distracted        |     2 |       ||     2
       Sleeping          |     1 |    14 ||    15
Armor: Scale mail        |    34 |       ||    34
       Animal skin       |     2 |    16 ||    18
Dodge: Dodged            |    43 |    49 ||    92
Block: Buckler           |    24 |    23 ||    47

Table legend: (Time is in decaauts)
 A = Elapsed time spent in this place.
 B = Non-inter-level travel time spent in this place.
 C = Inter-level travel time spent in this place.
 D = Time resting spent in this place.
 E = Time spent auto-exploring this place.
 F = Levels seen in this place.
 G = Mean time per level.
                   A        B        C        D        E       F      G
               +--------+--------+--------+--------+--------+-----+--------+
         Total |   2410 |   2393 |     17 |    207 |   1740 |   3 |  803.3 |
       Dungeon |   2410 |   2393 |     17 |    207 |   1740 |   3 |  803.3 |
               +--------+--------+--------+--------+--------+-----+--------+

Top non-repeatable levels by time:
     D:2: 1183 daAuts
     D:1: 876 daAuts
     D:3: 351 daAuts
